 Dungeon Crawl Stone Soup version 0.26-a0-683-g5206c1d7ac (webtiles) character file.

Game seed: 18105978665730021075

214 grandjackal the Firebug (level 5, -16/45 HPs)
             Began as a Hill Orc Fire Elementalist on Oct 23, 2020.
             Was a Follower of Elyvilon.
             Demolished by an ogre
             ... wielding a +0 giant club
              (27 damage)
             ... on level 5 of the Dungeon.
             The game lasted 00:06:55 (3801 turns).

grandjackal the Firebug (HOFE)                      Turns: 3801, Time: 00:06:56

Health: -16/45     AC:  2    Str: 11    XL:     5   Next: 92%
Magic:  2/8        EV: 12    Int: 16    God:    Elyvilon [*.....]
Gold:   258        SH:  0    Dex: 11    Spells: 0/8 levels left

rFire    . . .     SeeInvis .   h - +0 dagger
rCold    . . .     Faith    .   (no shield)
rNeg     . . .     Spirit   .   a - +0 robe
rPois    .         Reflect  .   (no helmet)
rElec    .         Harm     .   (no cloak)
rCorr    .         Rampage  .   (no gloves)
MR       .....                  (no boots)
Stlth    ++........             (no amulet)
HPRegen  0.15/turn              (no ring)
MPRegen  0.11/turn              (no ring)

@: no status effects
A: no striking features
a: Lesser Healing, Divine Protection, Renounce Religion


You were on level 5 of the Dungeon.
You worshipped Elyvilon.
Elyvilon was aware of your devotion.
You visited 1 branch of the dungeon, and saw 5 of its levels.

You collected 258 gold pieces.

Inventory:

Hand Weapons
 h - a +0 dagger (weapon)
 n - a +0 hand axe
 r - a cursed -2 dagger
 v - a +0 war axe
Armour
 a - a +0 robe (worn)
 l - a +0 ring mail
 m - a +2 leather armour of cold resistance
Wands
 s - a wand of digging (4)
 x - a wand of disintegration (30)
Scrolls
 b - 3 scrolls of enchant weapon {unknown}
 g - 2 scrolls of noise {unknown}
 i - 2 scrolls of amnesia {unknown}
 j - 5 scrolls of teleportation {unknown}
 k - a scroll of enchant armour {unknown}
 o - 5 scrolls of identify {unknown}
 q - 2 scrolls of remove curse {unknown}
Potions
 c - a potion of magic {unknown}
 d - 2 potions of mutation {unknown}
 e - 4 potions of curing {unknown}
 f - a potion of brilliance {unknown}
 p - a potion of invisibility {unknown}
 t - a potion of heal wounds {unknown}
 u - a potion of lignification {unknown}
 w - a potion of flight {unknown}


   Skills:
 + Level 3.1 Fighting
 - Level 1.5 Dodging
 - Level 1.5 Stealth
 - Level 2.1 Spellcasting
 + Level 2.7 Conjurations
 + Level 4.4 Fire Magic
 + Level 2.4 Invocations


You couldn't memorise any spells.
You knew the following spells:

 Your Spells              Type           Power        Failure   Level
a - Foxfire               Conj/Fire      ##..         4%          1
b - Conjure Flame         Conj/Fire      ##......     14%         3
c - Sticky Flame          Conj/Fire      ##......     43%         4

Your spell library contained the following spells:

 Spells                   Type           Power        Failure   Level
 Inner Flame              Hex/Fire       #.......     24%         3
 Fireball                 Conj/Fire      ##........   78%         5


Dungeon Overview and Level Annotations

Branches:
Dungeon (4/15)
 Temple: D:4-7

Altars:
Cheibriados
Elyvilon
Vehumet


Message History

The foxfire hits the ogre.
The ogre is severely wounded.
The foxfire hits the ogre.
The ogre is severely wounded.
Casting: Foxfire (safe; 4% risk of failure)
Confirm with . or Enter, or press ? or * to list all spells.
You conjure some foxfire!
The ogre hits you with a +0 giant club!!
The foxfire hits the ogre.
The ogre is almost dead.
The foxfire hits the ogre.
The ogre is almost dead.
The ogre hits you with a +0 giant club!
* * * LOW HITPOINT WARNING * * *
Casting: Foxfire (safe; 4% risk of failure)
Confirm with . or Enter, or press ? or * to list all spells.
You conjure some foxfire!
The ogre hits you with a +0 giant club!!
Ouch! That really hurt!
You die...

... ... ......##.# #.#
.... ..... ... ...#.
...# #.# ..... #..# #.#
......#..# #.#
..#...#lO####.##
........@......#########
#.....vv###.#.#.......#
.................#####.#
.....>......[.......##.#
.#.#####..##...#.##.##.#
.. ....#....#.##.##.# .
####......#.##.##.#
###....#....##.#
...........##.#


You could see an ogre and a leopard gecko.

Vanquished Creatures
  A hound (D:4)
  A centaur skeleton (D:4)
  A worker ant (D:4)
  A gnoll (D:1)
  5 adders
  3 worms
  4 leopard geckos
  An orc (D:4)
  A ball python (D:3)
  5 bats
  2 giant cockroaches
  6 goblins
  7 hobgoblins
  8 jackals
  A quokka (D:3)
  6 frilled lizards
  7 kobolds
  A quokka skeleton (D:5)
  8 rats
69 creatures vanquished.

Vanquished Creatures (others)
  194 foxfires
194 creatures vanquished.

Grand Total: 263 creatures vanquished

Notes
Turn   | Place    | Note
-------+----------+-------------------------------------------
     0 | D:1      | grandjackal the Hill Orc Fire Elementalist began the quest
                  | for the Orb.
     0 | D:1      | Reached XP level 1. HP: 14/14 MP: 3/3
   142 | D:1      | Reached skill level 1 in Fighting
   142 | D:1      | Reached XP level 2. HP: 23/23 MP: 0/4
   424 | D:1      | Reached XP level 3. HP: 28/28 MP: 2/5
  1268 | D:2      | Found a snail-covered altar of Cheibriados.
  1527 | D:2      | Found a radiant altar of Vehumet.
  1854 | D:2      | Reached XP level 4. HP: 33/36 MP: 2/7
  1904 | D:2      | Found a white marble altar of Elyvilon.
  2087 | D:2      | Became a worshipper of Elyvilon the Healer
  2399 | D:2      | Reached skill level 4 in Fire Magic
  2581 | D:2      | Learned a level 3 spell: Conjure Flame
  2696 | D:3      | Reached skill level 1 in Invocations
  3064 | D:3      | Reached XP level 5. HP: 42/42 MP: 5/8
  3081 | D:3      | Learned a level 4 spell: Sticky Flame
  3098 | D:4      | Reached * piety under Elyvilon
  3710 | D:4      | You fall into a shaft and drop 1 floor!
  3710 | D:5      | Entered Level 5 of the Dungeon
  3789 | D:5      | Noticed an ogre
  3801 | D:5      | Demolished by an ogre

Illustrated notes

Levels and vault maps discovered:
D:1:      ebering_hopf_link, layout_loops_ring, kennysheep_flooded_box,
          hangedman_abyss_or_decor_lesser_grid
D:2:      minmay_razor_zed, layout_rooms, elyvilon_altar_5, fiery_altar_vehumet,
          nicolae_overflow_crystal_walls
D:3:      layout_rooms
D:4:      layout_rooms, minivault_5
D:5:      layout_basic, interstate_on_off

Skill      XL: |  1  2  3  4  5 |
---------------+----------------+-----
Fighting       | 1 2 3 |  3.1
Spellcasting   | 2 |  2.1
Conjurations   | 2 |  2.7
Fire Magic     | 4 |  4.4
Invocations    | 1 2 |  2.4
Dodging        | |  1.5
Stealth        | |  1.5

Action                   |  1- 3 |  4- 6 || total
-------------------------+-------+-------++-------
Melee: Unarmed           |     4 |       ||     4
       Dagger            |    43 |    44 ||    87
 Cast: Foxfire           |    51 |    59 ||   110
       Conjure Flame     |       |     1 ||     1
 Stab: Sleeping          |     1 |     2 ||     3
Armor: Robe              |     9 |     9 ||    18
Dodge: Dodged            |    49 |    46 ||    95

Table legend: (Time is in decaauts)
 A = Elapsed time spent in this place.
 B = Non-inter-level travel time spent in this place.
 C = Inter-level travel time spent in this place.
 D = Time resting spent in this place.
 E = Time spent auto-exploring this place.
 F = Levels seen in this place.
 G = Mean time per level.
                   A        B        C        D        E       F      G
               +--------+--------+--------+--------+--------+-----+--------+
         Total |   3799 |   3653 |    146 |   1098 |   1794 |   5 |  759.8 |
       Dungeon |   3799 |   3653 |    146 |   1098 |   1794 |   5 |  759.8 |
               +--------+--------+--------+--------+--------+-----+--------+

Top non-repeatable levels by time:
     D:2: 1369 daAuts
     D:1: 1242 daAuts
     D:4: 611 daAuts
     D:3: 484 daAuts
     D:5: 90 daAuts
